[Event "*** SCC Grand Prix: Titled Tuesday Blitz"]
[Site "Chess.com"]
[Date "2020.07.14"]
[Round "3"]
[White "Phriex"]
[Black "Ausbildung"]
[Result "1-0"]
[WhiteElo "2400"]
[BlackElo "2193"]
[TimeControl "180+1"]
[EndTime "10:29:14 PDT"]
[Termination "Phriex won on time"]

1. d4 g6 2. c4 Bg7 3. Nf3 d6 4.
g3 Nc6 5. Bg2 e5 6. dxe5 Nxe5 7.
Nxe5 dxe5 8. Qxd8+ Kxd8 9. O-O c6 10. Rd1+ Kc7 11. Nc3 Be6 12. b3 Nh6 13. Bb2 Nf5 14. e3 h5 15. Ne4 Rhe8 16. Ng5 f6 17. Nxe6+ Rxe6 18. Bh3 Rd6 19. Bxf5 gxf5 20. Rxd6 Kxd6 21. Rd1+ Kc7 22. Kg2 Bf8 23. Kh3 Be7 24. Kh4 Rg8 25.
f3 Rh8 26. f4 e4 27. Kh3 Rg8 28. Kg2 h4 29. Kf2 h3 30. Rg1 Rg4 31. Rd1 Bc5 32.
Bxf6 Rg6 33. Bd4 b6 34. Bxc5 bxc5 35. a3 Rg8 36. b4 Rb8 37. g4 cxb4 38. axb4 Rxb4 39.
gxf5 Rxc4 40. Rd2 Rc5 41. Rd4 Rxf5 42. Rxe4 a5 43. Kg3 Rh5 44. Kg4 Rh7 45. f5 Kd6 46.
f6 c5 47. Kf5 Kd5 48. Re7 Rh8 49. e4+ Kc4 50. e5 a4 51. Ra7 Kb3 52. e6 c4 53.
e7 c3 54. f7 c2 55. Rc7 a3 56. e8=Q 1-0

[Event "*** SCC Grand Prix: Titled Tuesday Blitz"]
[Site "Chess.com"]
[Date "2020.07.14"]
[Round "3"]
[White "AJSC02"]
[Black "BJthechessgod"]
[Result "1-0"]
[WhiteElo "2115"]
[BlackElo "2305"]
[TimeControl "180+1"]
[EndTime "10:29:14 PDT"]
[Termination "AJSC02 won on time"]

1. d4 Nf6 2. Nf3 e6 3. Bf4 b6 4. e3 Bb7 5. Nbd2 Be7 6. h3 O-O 7. Bd3 d5 8. O-O c5 9. c3 Nbd7 10. a4 cxd4 11. exd4 Rc8 12. Qe2 h6 13. a5 Nb8 14. a6 Bc6 15. Ne5 Bd6 16. Ndf3 Be8 17. g4 Nc6 18. Nxc6 Bxc6 19. Ne5 Bxe5 20. Bxe5 Nd7 21.
Bg3 Re8 22. f4 Nf8 23. Rae1 Qd7 24. g5 hxg5 25. Qh5 g6 26. Qxg5 Qe7 27. Bh4 Qxg5+ 28. fxg5 Nd7 29. Bg3 Kg7 30. h4 b5 31. Ra1 Nb6 32. b3 Bd7 33. Rfc1 Kg8 34. Ra5 b4 35. Rc5 Rxc5 36. dxc5 bxc3 37. cxb6 axb6 38. Rxc3 e5 39. Rc7 Bg4 40. a7 e4 41. Bf1 e3 42. Rb7 e2 43. Bxe2 Bxe2 44. Rb8 1-0

[Event "*** SCC Grand Prix: Titled Tuesday Blitz"]
[Site "Chess.com"]
[Date "2020.07.14"]
[Round "3"]
[White "vpsetter"]
[Black "Shield12"]
[Result "0-1"]
[WhiteElo "2606"]
[BlackElo "2840"]
[TimeControl "180+1"]
[EndTime "10:29:15 PDT"]
[Termination "Shield12 won by resignation"]

1. e4 c5 2. Nf3 Nc6 3. d4 cxd4 4. Nxd4 Nf6 5. Nc3 d6 6. Bg5 e6 7. Qd2 a6 8. O-O-O Bd7 9. f3 Nxd4 10. Qxd4 h6 11. Be3 Bc6 12. g4 d5 13. exd5 Nxd5 14.
Nxd5 Qxd5 15. Qxd5 Bxd5 16. Be2 h5 17. h3 O-O-O 18. c4 Bc6 19. Rxd8+ Kxd8 20. Rd1+ Kc7 21. g5 Bd6 22. f4 h4 23. c5 Be7 24. Bd4 f6 25. gxf6 Bxf6 26. Bg4 Bd5 27. a3 Kc6 28. b4 a5 29. Kb2 axb4 30. axb4 Ra8 31. Bxf6 gxf6 32. Re1 Ra2+ 33. Kc3 f5 34. Bh5 Ra3+ 35.
Kd4 Rxh3 36. Be8+ Kc7 37. Bf7 Kd7 38. b5 Rb3 39. b6 h3 40. Ke5 h2 41. Kf6 Rh3 42.
Rd1 h1=Q 43. Bxe6+ Ke8 44. Rxh1 Bxh1 45. Bxf5 Rc3 46.
Be6 Kf8 47. f5 Rxc5 0-1

[Event "*** SCC Grand Prix: Titled Tuesday Blitz"]
[Site "Chess.com"]
[Date "2020.07.14"]
[Round "3"]
[White "seorobert1971"]
[Black "SharapovEvgeny"]
[Result "1-0"]
[WhiteElo "2767"]
[BlackElo "2433"]
[TimeControl "180+1"]
[EndTime "10:29:15 PDT"]
[Termination "seorobert1971 won by resignation"]

1. c4 c5 2. Nf3 Nc6 3. Nc3 e5 4.
e3 Nf6 5. d4 cxd4 6. exd4 e4 7.
Ne5 Bb4 8. Be2 Qa5 9. Nxc6 dxc6 10. Bd2 O-O 11. a3 Bxc3 12. Bxc3 Qg5 13. g3 Bh3 14.
Qd2 Qg6 15. O-O-O b5 16. d5 bxc4 17. dxc6 Rac8 18. Qd6 Ng4 19. Qxg6 hxg6 20. Bxg4 Bxg4 21. Rd6 Bf3 22. Re1 e3 23. Rxe3 Rxc6 24. Rd7 Bg4 25.
Rxa7 Rd8 26. Re1 Rcd6 27. Rae7 Rd1+ 28. Rxd1 Rxd1+ 29. Kc2 Rf1 30. Bd4 Bf5+ 31. Kc3 Rc1+ 32. Kb4 Be6 33. h4 Rd1 34. Re8+ Kh7 35. Rd8 g5 36. hxg5 Kg6 37. a4 Ra1 38. Rg8 Kxg5 39. Rxg7+ Kf5 40. a5 Ke4 41. Bc3 Kf3 42. Bd4 Ke4 43.
Be3 Ra2 44. Bc1 Ra1 45. Bd2 Kf3 46. Kb5 Kxf2 47. a6 Ke2 48. Bc3 Kd3 49. Kb6 1-0

[Event "*** SCC Grand Prix: Titled Tuesday Blitz"]
[Site "Chess.com"]
[Date "2020.07.14"]
[Round "3"]
[White "goodluck06"]
[Black "MFguimaraes"]
[Result "0-1"]
[WhiteElo "2548"]
[BlackElo "2386"]
[TimeControl "180+1"]
[EndTime "10:29:15 PDT"]
[Termination "MFguimaraes won by checkmate"]

1. e4 e5 2. Nf3 Nc6 3. Bc4 Nf6 4. d3 h6 5. O-O d6 6. c3 g5 7. Re1 g4 8. Nfd2 h5 9. Nf1 Bg7 10. d4 Qe7 11. Bg5 Bd7 12. Bh4 O-O-O 13. Ne3 Qe8 14. Nd2 exd4 15. Nd5 Rh6 16. cxd4 Nxd4 17.
Nb3 Nc6 18. Rc1 Kb8 19. Qd2 Qh8 20. Na5 Rc8 21. Nxc6+ Bxc6 22. Ne7 Re8 23. Nxc6+ bxc6 24. Ba6 Ka8 25. Rxc6 Nxe4 26. Qb4 Rb8 27. Qxe4 Re6 28. Qb1 Rxb2 29. Qd1 Rxe1+ 30. Qxe1 Qb8 31. Bf1 Rb1 32. Qe2 Be5 33. Bg3 Qb7 34. Rc2 a5 35. Bxe5 dxe5 36. g3 f5 37. Qxe5 Rxf1+ 38. Kxf1 Qb1+ 39. Qe1 Qxc2 40. Qxa5+ Kb7 41. Qb5+ Kc8 42. Qe8+ Kb7 43. Qe2 Qc1+ 44.
Kg2 Qc6+ 45. Kg1 Qc1+ 46. Kg2 Qc6+ 47. Kf1 Qh1# 0-1

[Event "*** SCC Grand Prix: Titled Tuesday Blitz"]
[Site "Chess.com"]
[Date "2020.07.14"]
[Round "3"]
[White "guillejr"]
[Black "Terao90"]
[Result "0-1"]
[WhiteElo "1969"]
[BlackElo "2270"]
[TimeControl "180+1"]
[EndTime "10:29:15 PDT"]
[Termination "Terao90 won on time"]

1. e4 c5 2. Nf3 Nc6 3. d4 cxd4 4. Nxd4 g6 5. Nxc6 bxc6 6. Qd4 f6 7. Bc4 Nh6 8. O-O Bg7 9. Bxh6 Bxh6 10. e5 Bg7 11. f4 Qb6 12. Qxb6 axb6 13. Re1 Kd8 14. Nc3 Kc7 15. Rad1 fxe5 16. fxe5 Ba6 17. Bxa6 Rxa6 18. Rd3 Raa8 19. a3 Rhf8 20. g4 Rf4 21. h3 Raf8 22. Re2 Rf3 23. Rxf3 Rxf3 24. Kg2 Rf8 25. Nd1 Rf7 26. Nf2 d5 27. exd6+ exd6 28. Nd3 d5 29. b3 Kd6 30. a4 c5 31. Kg3 c4 32. bxc4 dxc4 33. Ne1 Be5+ 34. Kg2 Ra7 35. Nf3 Bf6 36. Nd2 Bd4 37. Nxc4+ Kc5 38. Ne5 Rxa4 39. Nd3+ Kc4 40. Kf3 Ra1 41. Ke4 Bg7 0-1

[Event "*** SCC Grand Prix: Titled Tuesday Blitz"]
[Site "Chess.com"]
[Date "2020.07.14"]
[Round "3"]
[White "frederiksvane"]
[Black "2nd_life"]
[Result "1-0"]
[WhiteElo "2682"]
[BlackElo "2482"]
[TimeControl "180+1"]
[EndTime "10:29:16 PDT"]
[Termination "frederiksvane won on time"]

1. e4 e5 2. Nf3 Nc6 3. Bb5 a6 4. Ba4 Nf6 5. O-O Be7 6. d3 b5 7.
Bb3 d6 8. a3 Be6 9. Bxe6 fxe6 10. b4 O-O 11. c3 Qd7 12. Be3 a5 13. Nbd2 Ng4 14. Qe2 d5 15. Bc5 axb4 16. Bxe7 Qxe7 17. cxb4 Nf6 18. Nb3 Rfd8 19. Rfc1 dxe4 20. Rxc6 Rxd3 21. Nc5 Rdxa3 22. Rxa3 Rxa3 23. Ne1 Ra1 24. Rxe6 Qd8 25. Nxe4 Qd5 26. Rxf6 Qd1 27. Qxd1 Rxd1 28. Kf1 gxf6 29. Nxf6+ Kf7 30. Ng4 Rb1 31. Nxe5+ Ke6 32. Nd3 Kd5 33.
Ke2 Kc4 34. Ke3 Ra1 35. Nf3 Ra3 36. Ne5+ Kd5 37. f4 c5 38. bxc5 b4 39. Kd2 Ra2+ 40. Kc1 b3 41. g4 Rxh2 42. c6 Kd6 43. f5 Re2 44. f6 1-0

[Event "*** SCC Grand Prix: Titled Tuesday Blitz"]
[Site "Chess.com"]
[Date "2020.07.14"]
[Round "3"]
[White "LimaRR"]
[Black "c_r_e_e_p_e_r"]
[Result "1/2-1/2"]
[WhiteElo "2091"]
[BlackElo "2300"]
[TimeControl "180+1"]
[EndTime "10:29:16 PDT"]
[Termination "Game drawn by repetition"]

1. e4 c5 2. Nf3 d6 3. d4 cxd4 4.
Nxd4 Nf6 5. Nc3 g6 6. Bc4 Bg7 7. Be3 O-O 8. f3 Nc6 9. Qd2 Bd7 10. O-O-O Rc8 11. Bb3 Ne5 12. h4 h5 13. g4 hxg4 14.
h5 Nxh5 15. Bh6 e6 16. Bxg7 Kxg7 17. f4 Nc4 18. Bxc4 Rxc4 19. Qe2 Rxc3 20. bxc3 Ng3 21. Qxg4 Nxh1 22. Rxh1 Rh8 23. Rg1 Qf6 24. f5 e5 25.
Nf3 d5 26. Qg3 dxe4 27. fxg6 exf3 28. gxf7+ Kxf7 29. Kb1 Rh7 30. Qg8+ Ke7 31. Qxh7+ Kd8 32. Rg7 Qe6 33. Qe4 Qb6+ 34. Kc1 Qc6 35. Qxe5 Qh6+ 36.
Kb2 Qb6+ 37. Kc1 Qh6+ 38. Kb2 Qb6+ 39. Kc1 Qg1+ 40. Kb2 Qb6+ 1/2-1/2

[Event "*** SCC Grand Prix: Titled Tuesday Blitz"]
[Site "Chess.com"]
[Date "2020.07.14"]
[Round "3"]
[White "ChessArchitect64"]
[Black "queen_iryna"]
[Result "0-1"]
[WhiteElo "1864"]
[BlackElo "2242"]
[TimeControl "180+1"]
[EndTime "10:29:16 PDT"]
[Termination "queen_iryna won by resignation"]

1. d4 d6 2. e4 Nf6 3. Nc3 e5 4. Nf3 Nbd7 5. Be2 Be7 6. O-O O-O 7. a4 c6 8. h3 Re8 9. Be3 Bf8 10. Nd2 Qc7 11.
f4 exd4 12. Bxd4 d5 13. e5 c5 14. Bf2 d4 15. Nb5 Qb6 16. exf6 Nxf6 17. Nc4 Qd8 18.
Bf3 Be6 19. Ne5 a6 20. Na3 Rb8 21. Qd3 g6 22. Rae1 Bf5 23. Qd2 Qc7 24. g4 Be6 25. Bg3 Bd5 26. Qg2 Bxf3 27. Qxf3 Nd7 28. Nxd7 Qxd7 29.
Nc4 b5 30. axb5 axb5 31. Ne5 Qb7 32. Qxb7 Rxb7 33. Ra1 f6 34. Nf3 Rbe7 35. Ra6 Re3 36. Kg2 Re2+ 37. Rf2 Kg7 38. h4 R8e3 39. g5 fxg5 40.
hxg5 Be7 41. Ne5 c4 42. Ra7 Kf8 43. Ra8+ Kg7 44. Re8 Bf8 45. Rb8 d3 46. cxd3 cxd3 47. Rxb5 d2 48. Rd5 Bb4 49. Rd6 Bxd6 50. Nc4 Rxf2+ 51.
Kxf2 Rd3 52. Ne3 d1=Q 0-1

[Event "*** SCC Grand Prix: Titled Tuesday Blitz"]
[Site "Chess.com"]
[Date "2020.07.14"]
[Round "3"]
[White "Gabrielian_Artur"]
[Black "Alexsur1981"]
[Result "1-0"]
[WhiteElo "2802"]
[BlackElo "2529"]
[TimeControl "180+1"]
[EndTime "10:29:17 PDT"]
[Termination "Gabrielian_Artur won by resignation"]

1. e4 c5 2. Nc3 Nc6 3. Bb5 Nd4 4.
Bc4 e6 5. Nf3 Ne7 6. Nxd4 cxd4 7. Ne2 Nc6 8. O-O Be7 9. d3 O-O 10. Ng3 d6 11. a3 Bd7 12. f4 Rc8 13. f5 Ne5 14. Bb3 Bg5 15. Qh5 Bxc1 16. Raxc1 Kh8 17.
Rf4 g5 18. Rff1 exf5 19. exf5 f6 20. Ne4 Qe7 21. Rce1 a5 22. Qe2 a4 23. Ba2 Rfe8 24. h3 Qf8 25. Qf2 Nc6 26. Be6 Rc7 27. Bd5 Re5 28.
Bxc6 Bxc6 29. Qxd4 Bxe4 30. Rxe4 Rxc2 31. Qxa4 Rxb2 32.
Rxe5 dxe5 33. Rc1 Qd8 34. Qc4 Kg7 35. Kh1 h5 36. Qe6 e4 37. Rc8 Rb1+ 38. Kh2 Qxc8 39. Qxc8 e3 40. Qd7+ Kf8 41. Qd6+ Kg7 42. Qe7+ Kg8 43.
Qxe3 b5 44. Qe6+ Kg7 45. Qe7+ Kg8 46. Qxf6 g4 47. hxg4 hxg4 48. Qg6+ Kf8 49. Qxg4 b4 50. Qxb4+ Kf7 51. Qxb1 1-0

[Event "*** SCC Grand Prix: Titled Tuesday Blitz"]
[Site "Chess.com"]
[Date "2020.07.14"]
[Round "3"]
[White "FatUpss"]
[Black "dcremisi"]
[Result "1-0"]
[WhiteElo "2754"]
[BlackElo "2430"]
[TimeControl "180+1"]
[EndTime "10:29:17 PDT"]
[Termination "FatUpss won by resignation"]

1. e4 e6 2. d4 d5 3. Bd3 c5 4.
exd5 exd5 5. Nf3 Nf6 6. O-O Be7 7. Re1 O-O 8. dxc5 Bxc5 9. Be3 Bxe3 10. Rxe3 Nc6 11.
Nbd2 Bg4 12. Nb3 Qd6 13. Qd2 Rfe8 14. Rae1 Rxe3 15. Rxe3 Re8 16. Rxe8+ Nxe8 17. Qe3 Qe6 18. Bxh7+ Kh8 19. Bd3 Qxe3 20. fxe3 Bxf3 21. gxf3 g5 22.
Bb5 Nd6 23. Bxc6 bxc6 24. Nd4 c5 25. Nc6 Nc4 26. Kf2 Nxb2 27. Nxa7 Kg7 28. h3 Kf6 29. f4 gxf4 30. exf4 Kf5 31. Kf3 Nc4 32. a4 Nd2+ 33. Ke2 Nc4 34. Kf3 Nd2+ 35. Kg3 Ne4+ 36. Kg2 Nc3 37. a5 Kxf4 38. a6 Ke3 39.
Nc6 Nb5 40. h4 Kf4 41. Kh3 d4 42. a7 Nc7 43. Ne7 Na8 44. Nc6 f6 45. Na5 Nc7 46. Nb3 f5 47. Nxc5 Ke5 48. Nd3+ Kf6 49. Kg3 Na8 50.
Kf4 Nc7 51. Nb4 Ne6+ 52. Kf3 Nc7 53. Nd5+ Nxd5 54. a8=Q Ke5 55. Qe8+ Kd6 56. Qh8 Kc5 57. Qh6 Kc4 58. Qg7 Nb4 59. Qc7+ Kd5 60. Kf4 d3 61. cxd3 Nxd3+ 62. Kxf5 Nc5 63. Qd8+ Kc6 64. Qg8 Nb7 65. Kg6 Nd6 66. h5 Nc8 67. Qxc8+ 1-0

[Event "*** SCC Grand Prix: Titled Tuesday Blitz"]
[Site "Chess.com"]
[Date "2020.07.14"]
[Round "3"]
[White "Caterpiller35"]
[Black "CzechmVIII"]
[Result "0-1"]
[WhiteElo "2446"]
[BlackElo "2205"]
[TimeControl "180+1"]
[EndTime "10:29:17 PDT"]
[Termination "CzechmVIII won by resignation"]

1. d4 Nf6 2. Bg5 c5 3. d5 Ne4 4.
Bc1 d6 5. f3 Nf6 6. e4 g6 7. c4 Bg7 8. Nc3 e6 9. Be3 exd5 10. cxd5 O-O 11. Bc4 a6 12. a4 Re8 13.
Nge2 Nbd7 14. O-O Ne5 15. Ba2 Rb8 16. h3 b5 17. axb5 axb5 18. f4 Nc4 19. Bxc4 bxc4 20. Qc2 Nxe4 21. Nxe4 f5 22. N2c3 fxe4 23. Ra4 Bd4 24. Bxd4 cxd4 25. Nxe4 Bf5 26. Re1 d3 27.
Qxc4 d2 28. Nxd2 Rxe1+ 29. Kh2 Qe7 30. Nf3 Re4 31. Qc6 Rxa4 32. Qxa4 Rxb2 33. Ng5 h6 34. Qa8+ Kg7 35. Qa1 hxg5 36. Qxb2+ Qf6 37. Qb7+ Kh6 38. fxg5+ Qxg5 39. Qc7 Qf4+ 40. Kg1 Qc1+ 41. Kh2 Qf4+ 42. Kg1 Qe3+ 43. Kh2 Qe5+ 44. Kg1 Qxd5 45. Qe7 Qd1+ 46. Kh2 Qd4 47. Qh4+ Qxh4 0-1

[Event "*** SCC Grand Prix: Titled Tuesday Blitz"]
[Site "Chess.com"]
[Date "2020.07.14"]
[Round "3"]
[White "chessdjw"]
[Black "Iustin106"]
[Result "1-0"]
[WhiteElo "2661"]
[BlackElo "2313"]
[TimeControl "180+1"]
[EndTime "10:29:17 PDT"]
[Termination "chessdjw won on time"]

1. d4 Nf6 2. c4 g6 3. Nc3 Bg7 4. e4 O-O 5. f3 d6 6. Be3 Nc6 7.
Nge2 a6 8. Rc1 Na5 9. Ng3 Nd7 10.
Qd2 c5 11. d5 b5 12. cxb5 axb5 13. Bxb5 Ba6 14. Bxa6 Rxa6 15. b3 Qb8 16. Bh6 Qb4 17. Bxg7 Kxg7 18. Qg5 f6 19. Qd2 c4 20. Nce2 Rb8 21.
Qxb4 Rxb4 22. O-O cxb3 23. axb3 Nc5 24. Nf4 Naxb3 25. Rc2 Rba4 26. h4 Ra2 27. Rxa2 Rxa2 28. Rf2 Rxf2 29. Kxf2 Kf7 30. Ke3 Nd7 31. Nge2 Nbc5 32.
Nd4 Ne5 33. Nfe6 Nxe6 34. dxe6+ Kg7 35. f4 Ng4+ 36. Kf3 Nh6 37. g4 Ng8 38. g5 h6 39.
Ke3 fxg5 40. fxg5 hxg5 41. hxg5 Nf6 42. gxf6+ Kxf6 43. Kf4 g5+ 44. Kg4 Ke5 45. Kxg5 1-0

[Event "*** SCC Grand Prix: Titled Tuesday Blitz"]
[Site "Chess.com"]
[Date "2020.07.14"]
[Round "3"]
[White "LuckSlayeer"]
[Black "Monmoransy"]
[Result "0-1"]
[WhiteElo "2406"]
[BlackElo "2636"]
[TimeControl "180+1"]
[EndTime "10:29:18 PDT"]
[Termination "Monmoransy won by resignation"]

1. Nf3 d5 2. g3 Nf6 3. Bg2 e6 4.
O-O Be7 5. d4 b5 6. c3 O-O 7.
Bf4 Bb7 8. Nbd2 c5 9. dxc5 Bxc5 10. Nb3 Bd6 11. Be5 Nc6 12. Bxd6 Qxd6 13. Nfd4 b4 14.
c4 Rfd8 15. c5 Qe7 16. Nxc6 Bxc6 17. a3 Rab8 18. Nd4 Be8 19. c6 Rdc8 20. Rc1 bxa3 21. bxa3 e5 22. Nf5 Qxa3 23. c7 Rb7 24. Bxd5 Rbxc7 25.
Rxc7 Rxc7 26. e4 g6 27. Ne3 Qe7 28. Qd2 Kg7 29. Rb1 Bc6 30. Ra1 Bxd5 31. exd5 Rd7 32. Rd1 Qd6 33. Qd3 h6 34. Qc4 e4 35. Qd4 Re7 36. Qc4 Qe5 37. Qc5 Rd7 38. Qc4 h5 39. Kg2 Ng4 40. Nxg4 hxg4 41. Qc6 Rd6 42. Qc7 e3 43. fxe3 Rxd5 44. Rf1 Qxc7 0-1

[Event "*** SCC Grand Prix: Titled Tuesday Blitz"]
[Site "Chess.com"]
[Date "2020.07.14"]
[Round "3"]
[White "Chigorinetz"]
[Black "ChessBitl"]
[Result "1-0"]
[WhiteElo "2510"]
[BlackElo "2310"]
[TimeControl "180+1"]
[EndTime "10:29:18 PDT"]
[Termination "Chigorinetz won on time"]

1. e4 c5 2. Nc3 Nc6 3. Nge2 g6 4. d4 cxd4 5. Nxd4 Bg7 6. Nb3 Nf6 7. Be2 d6 8. O-O O-O 9. Re1 a5 10. a4 Nb4 11.
Bf1 Nd7 12. Nd5 Nc5 13. c3 Nc6 14. Nxc5 dxc5 15. Bg5 Be6 16. Nxe7+ Nxe7 17. Qxd8 Rfxd8 18.
Bxe7 Rd2 19. Re2 Rxe2 20. Bxe2 b6 21. Bb5 Bf8 22. Bxf8 Kxf8 23. Rd1 Ke7 24. f4 Rd8 25. Rxd8 Kxd8 26. Kf2 Ke7 27. h4 f6 28. h5 Bf7 29. h6 Kd6 30. g3 Bb3 31. Ke3 Ba2 32. Be8 Bg8 33. Kd3 Ke7 34. Bb5 Bb3 35. Bc6 g5 36.
Bb5 Bd1 37. Kd2 Bf3 38. Bd3 Kf7 39. e5 gxf4 40. gxf4 fxe5 41. fxe5 Ke6 42. Ke3 Bd1 43. Kf4 Bxa4 44. Bxh7 Kf7 45. Bf5 Bb3 46. Kg5 b5 47.
e6+ Kg8 48. Kf6 b4 49. Ke5 Ba4 50. Kd5 1-0

[Event "*** SCC Grand Prix: Titled Tuesday Blitz"]
[Site "Chess.com"]
[Date "2020.07.14"]
[Round "3"]
[White "dopolian"]
[Black "NotFischer"]
[Result "0-1"]
[WhiteElo "2442"]
[BlackElo "2148"]
[TimeControl "180+1"]
[EndTime "10:29:18 PDT"]
[Termination "NotFischer won on time"]

1. Nf3 Nf6 2. c4 d6 3. b3 c6 4.
d4 Nbd7 5. Bb2 Qc7 6. g3 e5 7. Bg2 Be7 8. O-O O-O 9. dxe5 dxe5 10. Nbd2 Re8 11. Qc2 Bf8 12. e3 b6 13. Rad1 Bb7 14. Ng5 h6 15. Nge4 Nxe4 16. Nxe4 Nc5 17. Nxc5 Bxc5 18.
Bh3 Rad8 19. Qe4 Bd6 20. Bg2 Ba8 21. c5 Bxc5 22. Bxe5 Rxd1 23. Bxc7 Rxf1+ 24. Kxf1 Rxe4 25. Bxe4 Kf8 26. Ke2 Ke7 27. Bb8 a5 28. Be5 g6 29.
h4 Bb7 30. Kd2 Kd7 31. Bd3 Bd6 32. Bd4 c5 33. Bg7 h5 34. Bc4 Ke7 35. a4 Bc6 36. Bc3 f6 37. Kd3 Be5 38. Bxe5 fxe5 39. e4 Kf6 40. f4 Bd7 41. Bd5 Bg4 42. Bc6 Bf3 43. Be8 Bd1 44. fxe5+ Kxe5 45. Kc4 Kf6 46. e5+ Kxe5 47.
Bxg6 Kf6 48. Be8 Kf5 49. Kb5 Bxb3 50. Kxb6 c4 0-1

[Event "*** SCC Grand Prix: Titled Tuesday Blitz"]
[Site "Chess.com"]
[Date "2020.07.14"]
[Round "3"]
[White "MrChampion_Coach"]
[Black "natelleka"]
[Result "0-1"]
[WhiteElo "2438"]
[BlackElo "2127"]
[TimeControl "180+1"]
[EndTime "10:29:18 PDT"]
[Termination "natelleka won by resignation"]

1. c4 e5 2. Nc3 Nf6 3. Nf3 Nc6 4. e4 Bb4 5. d3 O-O 6. Be2 d6 7. O-O h6 8. h3 Be6 9. Be3 Bxc3 10. bxc3 Nh7 11. c5 f5 12. exf5 Bxf5 13. cxd6 Qxd6 14. Qb3+ Kh8 15. Nh4 Be6 16. Qxb7 Rab8 17. Qa6 Nd4 18. Ng6+ Kg8 19. Qxd6 Nxe2+ 20. Kh2 cxd6 21. Nxf8 Nxf8 22. c4 Nd4 23. Rab1 Rxb1 24. Rxb1 Bf5 25. Bxd4 exd4 26.
Rb3 Ne6 27. g4 Bg6 28. Rb8+ Kh7 29. Rb7 Bxd3 30. Rxa7 Bxc4 31. Ra4 d3 32. Rb4 d2 33. Rb1 Be2 34. Rb2 d1=Q 35. Rxe2 Qxe2 36. Kg3 Qe5+ 37.
f4 Qxf4+ 38. Kg2 Qe4+ 39. Kg3 Nd4 40. Kh4 g5+ 41. Kg3 Qf3+ 42. Kh2 Qf2+ 43. Kh1 Nf3 0-1

[Event "*** SCC Grand Prix: Titled Tuesday Blitz"]
[Site "Chess.com"]
[Date "2020.07.14"]
[Round "3"]
[White "ENEASZ"]
[Black "KetiGrant"]
[Result "1-0"]
[WhiteElo "2582"]
[BlackElo "2392"]
[TimeControl "180+1"]
[EndTime "10:29:19 PDT"]
[Termination "ENEASZ won by checkmate"]

1. e4 c5 2. c3 d5 3. exd5 Qxd5 4. d4 Nf6 5. Nf3 e6 6. Na3 Be7 7. Nb5 Qd8 8. dxc5 Bxc5 9. Qxd8+ Kxd8 10. Be3 Bxe3 11.
fxe3 Nc6 12. Rd1+ Ke7 13. Nbd4 Bd7 14. Bd3 Rhd8 15. h3 Nd5 16. Kf2 h6 17. Rhe1 Rac8 18. Bc2 Na5 19. Bb3 Nxb3 20. axb3 a6 21. b4 f6 22. Nb3 Bb5 23. Nfd4 Ba4 24. Ra1 Bxb3 25. Nxb3 Nb6 26. Na5 Rc7 27. Red1 Rcd7 28. Ke2 e5 29. Rxd7+ Rxd7 30. e4 g6 31. g4 Nc8 32.
Ke3 Nd6 33. Rd1 Nc4+ 34. Ke2 Nxa5 35. bxa5 Rxd1 36. Kxd1 Kd6 37. Kc2 Kc5 38. Kd3 Kb5 39. b4 g5 40. Kd2 Ka4 41. Kc2 Ka3 42. Kc1 Kb3 43. Kd2 Kc4 44. Kc2 Kb5 45. Kb3 b6 46. c4+ Kc6 47. axb6 Kxb6 48. Ka4 Kc6 49. Ka5 Kb7 50. c5 Ka7 51. c6 h5 52. gxh5 f5 53. h6 fxe4 54. h7 e3 55. h8=Q e2 56. Qg7+ Kb8 57.
Qb7# 1-0

[Event "*** SCC Grand Prix: Titled Tuesday Blitz"]
[Site "Chess.com"]
[Date "2020.07.14"]
[Round "3"]
[White "rugbyclub"]
[Black "Schandenfreude"]
[Result "0-1"]
[WhiteElo "2120"]
[BlackElo "2457"]
[TimeControl "180+1"]
[EndTime "10:29:19 PDT"]
[Termination "Schandenfreude won by resignation"]

1. c4 c6 2. Nc3 d5 3. cxd5 cxd5 4. d4 Nf6 5. Bf4 a6 6. e3 Nc6 7.
Rc1 Bg4 8. Qb3 Na5 9. Qa4+ Bd7 10. Qc2 Rc8 11. Bd3 e6 12. Nge2 Qb6 13. O-O Bd6 14. Bxd6 Qxd6 15. f3 Nc4 16. Qb3 Nxe3 17. Rfe1 b5 18.
Ng3 Nc4 19. Nf5 Qb6 20. Bxc4 dxc4 21. Qd1 Rd8 22. Nxg7+ Kf8 23. Qd2 Rg8 24. Qh6 Qxd4+ 25. Kh1 Rxg7 26. Rcd1 Qc5 27. Qxf6 Qg5 28. Qxg5 Rxg5 29.
Ne4 Rd5 30. Nf6 Rxd1 31. Rxd1 Ke7 32. Nxh7 f6 33. Rd4 Rc8 34. g4 Bc6 35. Kg2 Rh8 36.
Nxf6 Kxf6 37. Rd6 Bd5 38. Kg3 Rc8 39. f4 b4 40. f5 Ke5 41. Rxa6 c3 42. bxc3 bxc3 43.
Ra3 c2 44. Re3+ Kd6 45. Re1 c1=Q 46. Rxc1 Rxc1 47. fxe6 Bxe6 48. g5 Ke5 49. h4 Rc4 50. a4 Kf5 51. h5 Kxg5 0-1

[Event "*** SCC Grand Prix: Titled Tuesday Blitz"]
[Site "Chess.com"]
[Date "2020.07.14"]
[Round "3"]
[White "AungTZ"]
[Black "WelshTiger"]
[Result "1/2-1/2"]
[WhiteElo "2135"]
[BlackElo "2369"]
[TimeControl "180+1"]
[EndTime "10:29:19 PDT"]
[Termination "Game drawn by repetition"]

1. e4 c5 2. Nf3 Nc6 3. Bb5 g6 4. O-O Bg7 5. c3 Nf6 6. Re1 O-O 7. d4 d5 8. e5 Ne4 9. Nbd2 Nxd2 10. Bxd2 cxd4 11.
cxd4 Bg4 12. Bxc6 bxc6 13. h3 Bf5 14. b4 Qc8 15. Rc1 Qa6 16. Qb3 Bd3 17. a3 Bc4 18. Qb2 Rfb8 19. Bg5 Qb7 20. Nd2 f6 21. exf6 exf6 22. Bf4 Re8 23. Nxc4 dxc4 24. Rxe8+ Rxe8 25. Rxc4 Qd7 26. Be3 Bf8 27. Qc2 Re6 28. a4 a6 29.
Qb3 Qd5 30. Qc3 f5 31. g3 Bg7 32. h4 Qf3 33. Bf4 Qd1+ 34. Kg2 Re1 35. Rxc6 Rg1+ 36.
Kh2 Rh1+ 37. Kg2 Rg1+ 38. Kh2 Rh1+ 39. Kg2 Qf1+ 40. Kf3 Qd1+ 41. Kg2 1/2-1/2

[Event "*** SCC Grand Prix: Titled Tuesday Blitz"]
[Site "Chess.com"]
[Date "2020.07.14"]
[Round "3"]
[White "Nikithebest"]
[Black "ChessLover0108"]
[Result "0-1"]
[WhiteElo "2478"]
[BlackElo "2681"]
[TimeControl "180+1"]
[EndTime "10:29:20 PDT"]
[Termination "ChessLover0108 won on time"]

1. e4 c5 2. Nf3 d6 3. Bb5+ Bd7 4. Bxd7+ Nxd7 5. O-O Ngf6 6. Qe2 g6 7. c3 Bg7 8. d4 cxd4 9. cxd4 e6 10. Nc3 O-O 11. e5 dxe5 12. dxe5 Nd5 13. Nxd5 exd5 14. e6 Qe7 15. exf7+ Rxf7 16. Qd3 Rf5 17. Be3 Raf8 18. Nd4 Re5 19. Rac1 Re4 20. Nf3 Nf6 21. h3 b6 22.
Rfd1 Re6 23. Bg5 Rd6 24. b3 Qb7 25. Bf4 Rd7 26. Be5 Ne4 27. Bxg7 Kxg7 28. Qd4+ Kg8 29. Ne5 Rd6 30. f3 Ng3 31. Qf2 Nf5 32. Rd2 d4 33. g4 Ne3 34. f4 Qe4 35. Nd3 Rdf6 36. Rc7 R6f7 37. Rxf7 Rxf7 38. Kh2 Kg7 0-1

[Event "*** SCC Grand Prix: Titled Tuesday Blitz"]
[Site "Chess.com"]
[Date "2020.07.14"]
[Round "3"]
[White "Jaka_Brilej"]
[Black "Juanovic"]
[Result "1-0"]
[WhiteElo "2314"]
[BlackElo "2085"]
[TimeControl "180+1"]
[EndTime "10:29:20 PDT"]
[Termination "Jaka_Brilej won by resignation"]

1. e4 c5 2. Nf3 d6 3. d4 cxd4 4. Nxd4 Nf6 5. Nc3 g6 6. f3 Bg7 7. Be3 Nc6 8. Qd2 O-O 9. g4 Bd7 10. O-O-O Rc8 11. h4 Ne5 12. h5 a6 13. Kb1 b5 14.
hxg6 fxg6 15. Bh6 Bxh6 16. Qxh6 Rxc3 17. bxc3 Qa5 18. Be2 Qxc3 19. g5 Nh5 20. Rxh5 gxh5 21. g6 Nxg6 22. Qxh5 e5 23. Nb3 Be6 24. Rxd6 Qe1+ 25. Bd1 Bc4 26. Qg5 Qh1 27. Kc1 Qh2 28. Nc5 Qf4+ 29. Qxf4 Nxf4 30. Rxa6 h5 31. Nd7 Rc8 32. Nxe5 Bf1 33. Kb2 h4 34. Ng4 h3 35. Rh6 Kg7 36. Rh4 Ng6 37. Rh5 Nf4 38. Rf5 Ne6 39. f4 Rh8 40. Bf3 Nd4 41. Rg5+ Kf7 42. Bh1 Rc8 43. Ne5+ Kf8 44. c3 Ne2 45.
Rf5+ Kg7 46. Rg5+ Kh6 47. Nf7+ Kh7 48. e5 Nxf4 49. Be4+ Ng6 50. Bxg6+ Kg7 51. Bf5+ Kf8 52. Bxc8 Kxf7 53. Rh5 Bg2 54. Rxh3 Kg6 55. Rg3+ 1-0